Dungeon Sprint DCSS version 0.19.4-8-ga85b6b9 (webtiles) character file.

13400000 doot the Intangible (level 27, -131/147 (149) HPs) Began as a Felid Chaos Knight on Feb 14, 2017. Was a High Priest of Makhleb. Annihilated by a fleshlord ... wielding a +9 great mace (242 damage) ... in the Dungeon (Sprint VIII: "Arena of Blood"). The game lasted 00:10:11 (134 turns). doot the Intangible (Felid Chaos Knight) Turns: 134, Time: 00:10:12 HP: -131/147 (149)AC: 3 Str: 10 XL: 27 MP: 55/55 EV: 44 Int: 15 God: Makhleb [*****.] Gold: 0 SH: 0 Dex: 25 Spells: 0 memorised, 80 levels left Lives: 0 Deaths: 5 rFire . . . SeeInvis + - Unarmed rCold + . . Gourm . (armour unavailable) rNeg . . . Faith . (shield unavailable) rPois . Spirit . (helmet unavailable) rElec . Reflect . (cloak unavailable) rCorr . Harm . (gloves unavailable) MR ++++. NoTele + (boots unavailable) Stlth ++++++++++ (no amulet) (no ring) h - +27000 ring of slaying @: quick A: no armour, no weapons or thrown items, stealth, claws 1, fangs 3, see invisible, carnivore 3, speed 1, shaggy fur 3, slow metabolism 1, sharp paws a: Minor Destruction, Lesser Servant of Makhleb, Major Destruction, Greater Servant of Makhleb, Renounce Religion You were in the Dungeon. You worshipped Makhleb. Makhleb was extremely pleased with you. You were not hungry. You visited 1 branch

Inventory:

Jewellery
 h - a +27000 ring of slaying (left paw)
Scrolls
 g - a scroll of blinking
Potions
 b - a potion of curing
 c - a potion of heal wounds
 e - 2 potions of magic
 f - a potion of berserk rage
Comestibles
 a - a meat ration


   Skills:
 O Level 27 Fighting
 O Level 27 Dodging
 O Level 27 Stealth
 O Level 27 Unarmed Combat
 O Level 27 Spellcasting
 O Level 27 Invocations


You had 80 spell levels left.
You didn't know any spells.

Dungeon Overview and Level Annotations

Branches:
Dungeon (1/1)

Altars:
Makhleb


Innate Abilities, Weirdness & Mutations

You cannot wear armour.
You are incapable of wielding weapons or throwing items.
Your paws allow you to move quietly. (Stealth)
You have sharp claws.
You have razor-sharp teeth.
You have supernaturally acute eyesight. (SInv)
You are carnivorous and can eat meat at any time.
You cover ground quickly.
Your thick and shaggy fur keeps you warm. (AC +3, rC+)
You have a slow metabolism.
Your sharp claws are effective at attacking unaware monsters.


Message History

A demon appears!
You hear a shout! x4
Something hits your blizzard demon!!!!!!
Your blizzard demon dies!
You hear a shout!
You hear a roar!
You eviscerate the accursed!!!!!!!!!!!
You destroy the accursed!
Makhleb accepts your kill.
You feel extremely nervous for a moment...
You feel your flesh rotting away!
You hear a shout! x5
A demon appears!
You hear a shout! x3
A fleshlord comes into view. It is wielding a +9 great mace.
You swap places.
You hear a shout! x3
The fleshlord hits you with a +9 great mace!!!!!
Ouch! That really hurt!
You die...
Xom chortles!
XCLoxo#X#L#o.....

ooWooooXX..X.......#
o.ooOoO#o#M#..#....#
###XooW.L.X..#.....#
#.§X§XoXX.....#....#
#W§MxooxoXG..#o....#
XGoxCo.oo†.........#
XLXO#oCX#.)....##p.#
W.X#ooo.#.....##@..#
.##xo...#.....#22..#
#)†)x..#S...##.2...#
#W)D###....#.......#


.x.Ooo .#.........# ...oxoM.........#### ####o........#### ......### ...### You
could see a fleshlord, 2 friendly cacodemons and a friendly blizzard demon.

Vanquished Creatures
  5 hell beasts (D)
  A greater mummy (D)
  3 wraiths (D)
  11 vampire knights (D)
  25 ogres (D)
  2 liches (D)
  A hydra (D)
  32 orcs (D)
  3 phantoms (D)
  3 hill giants (D)
  2 skeletal warriors (D)
  2 large abominations (D)
  A small abomination (D)
91 creatures vanquished.

Vanquished Creatures (others)
  Sigmund (D)
  12 crawling corpses (D)
13 creatures vanquished.

Grand Total: 104 creatures vanquished

Notes
Turn   | Place    | Note
-------+----------+-------------------------------------------
     0 | D        | doot the Felid Chaos Knight began the quest for the Orb.
     0 | D        | Reached XP level 1. HP: 10/10 MP: 2/2
     3 | D        | Noticed a bag of meat
     3 | D        | Noticed a bag of meat
     4 | D        | Noticed a bag of meat
     4 | D        | Noticed a bag of meat
     5 | D        | Noticed a bag of meat
     6 | D        | Noticed a bag of meat
     8 | D        | Noticed a bag of meat
     8 | D        | Fell from the grace of Xom
     8 | D        | Became a worshipper of Makhleb the Destroyer
     9 | D        | Killed a bag of meat
     9 | D        | Reached XP level 2. HP: 28/28 MP: 3/3
     9 | D        | Reached XP level 3. HP: 32/32 MP: 4/4
     9 | D        | Reached XP level 4. HP: 37/37 MP: 5/5
     9 | D        | Reached XP level 5. HP: 40/40 MP: 6/6
     9 | D        | Gained mutation: You are covered in thick fur. (AC +2) [Felid growth]
     9 | D        | Reached XP level 6. HP: 45/45 MP: 7/7
     9 | D        | Reached XP level 7. HP: 49/49 MP: 8/8
     9 | D        | Reached XP level 8. HP: 53/53 MP: 9/9
     9 | D        | Reached XP level 9. HP: 57/57 MP: 10/10
     9 | D        | Reached XP level 10. HP: 61/61 MP: 11/11
     9 | D        | Reached XP level 11. HP: 65/65 MP: 12/12
    10 | D        | Noticed a bag of meat
    11 | D        | Killed a bag of meat
    11 | D        | Reached * piety under Makhleb
    11 | D        | Gained mutation: Your thick and shaggy fur keeps you warm. (AC +3, rC+) [Felid growth]
    11 | D        | Reached XP level 12. HP: 72/72 MP: 13/13
    12 | D        | Noticed a bag of meat
    12 | D        | Killed a bag of meat
    12 | D        | Reached XP level 13. HP: 56/78 MP: 14/14
    13 | D        | Noticed a meat berserker
    13 | D        | Killed a bag of meat
    13 | D        | Reached XP level 14. HP: 84/84 MP: 15/15
    13 | D        | Noticed a bag of meat
    14 | D        | Noticed a meat berserker
    15 | D        | Killed a meat berserker
    15 | D        | Reached ** piety under Makhleb
    15 | D        | Reached XP level 15. HP: 91/91 MP: 16/16
    16 | D        | Reached skill level 27 in Dodging
    17 | D        | Killed a meat berserker
    17 | D        | Reached skill level 27 in Fighting
    17 | D        | Reached skill level 27 in Unarmed Combat
    17 | D        | Reached XP level 16. HP: 56/100 MP: 17/17
    18 | D        | Reached *** piety under Makhleb
    20 | D        | Reached XP level 17. HP: 104/104 MP: 17/35
    21 | D        | Noticed a large bag of meat
    21 | D        | Noticed a meat berserker
    22 | D        | Noticed a meat berserker
    22 | D        | Killed a meat berserker
    22 | D        | Reached **** piety under Makhleb
    22 | D        | Reached skill level 27 in Stealth
    23 | D        | Noticed a destroyer
    25 | D        | Reached skill level 15 in Spellcasting
    27 | D        | Killed a meat berserker
    27 | D        | Reached XP level 18. HP: 109/109 MP: 18/42
    31 | D        | Noticed a meat berserker
    32 | D        | Noticed an eight-headed meat hydra
    32 | D        | Noticed a destroyer
    33 | D        | Killed a destroyer
    33 | D        | Reached ***** piety under Makhleb
    33 | D        | Reached XP level 19. HP: 113/113 MP: 19/48
    34 | D        | Noticed a meat berserker
    34 | D        | Noticed a destroyer
    34 | D        | Noticed a destroyer
    35 | D        | Noticed a meat berserker
    35 | D        | Noticed a large bag of meat
    35 | D        | Killed a meat berserker
    35 | D        | Reached skill level 27 in Spellcasting
    35 | D        | Reached skill level 27 in Invocations
    36 | D        | Noticed a meat berserker
    36 | D        | Noticed a destroyer
    38 | D        | Noticed a destroyer
    39 | D        | Noticed a meat berserker
    39 | D        | Killed a meat berserker
    39 | D        | Reached XP level 20. HP: 61/118 MP: 20/52
    40 | D        | Killed a destroyer
    40 | D        | Mangled by a destroyer
    41 | D        | Reached XP level 19. HP: -7/113 MP: 21/51
    43 | D        | Killed a destroyer
    43 | D        | Reached ****** piety under Makhleb
    43 | D        | Reached XP level 20. HP: 118/118 MP: 52/52
    45 | D        | Noticed a meat berserker
    45 | D        | Noticed a destroyer
    45 | D        | Killed an eight-headed meat hydra
    46 | D        | Killed a meat berserker
    47 | D        | Killed a destroyer
    47 | D        | Reached XP level 21. HP: 122/122 MP: 53/53
    53 | D        | Noticed a destroyer
    53 | D        | Killed a destroyer
    53 | D        | Reached XP level 22. HP: 127/127 MP: 54/54
    54 | D        | Noticed a tyrant
    55 | D        | Killed a destroyer
    56 | D        | Reached XP level 23. HP: 131/131 MP: 55/55
    59 | D        | Killed a destroyer
    61 | D        | Reached XP level 24. HP: 102/136 MP: 55/55
    65 | D        | Killed a destroyer
    66 | D        | Noticed a dread
    66 | D        | Killed a tyrant
    66 | D        | Demolished by a large bag of meat
    67 | D        | Reached XP level 23. HP: -15/131 MP: 55/55
    68 | D        | Noticed a dread
    70 | D        | Reached XP level 24. HP: 136/136 MP: 55/55
    71 | D        | Noticed an accursed
    75 | D        | Noticed an accursed
    76 | D        | Reached XP level 25. HP: 140/140 MP: 55/55
    78 | D        | Noticed a dread
    79 | D        | Noticed a meat beast
    79 | D        | Noticed The Captor
    81 | D        | Killed a meat beast
    81 | D        | Reached XP level 26. HP: 145/145 MP: 55/55
    84 | D        | Noticed a meat beast
    84 | D        | Reached XP level 27. HP: 149/149 MP: 55/55
    88 | D        | Killed a dread
    88 | D        | Killed from afar by an accursed
    89 | D        | Reached XP level 26. HP: -3/145 MP: 55/55
    89 | D        | Noticed a destroyer
    89 | D        | Noticed a meat beast
    89 | D        | Noticed a meat beast
    89 | D        | Noticed a destroyer
    89 | D        | Noticed a tyrant
    89 | D        | Noticed a dread
    89 | D        | Noticed a tyrant
    91 | D        | Noticed a meat beast
    91 | D        | Noticed a destroyer
    95 | D        | Noticed a tyrant
    95 | D        | Killed a tyrant
    95 | D        | Reached XP level 27. HP: 149/149 MP: 55/55
    96 | D        | Killed a meat beast
    98 | D        | Killed a meat beast
   101 | D        | Noticed a dread
   102 | D        | Killed a destroyer
   103 | D        | Noticed a tyrant
   103 | D        | Killed a destroyer
   105 | D        | Noticed an accursed
   105 | D        | Killed a destroyer
   105 | D        | Noticed a tyrant
   107 | D        | Killed a meat beast
   108 | D        | Noticed an accursed
   110 | D        | Noticed a tyrant
   113 | D        | Noticed a dread
   114 | D        | HP: 5/149 [observer/divine providence (15)]
   115 | D        | Killed The Captor
   116 | D        | Killed a dread
   117 | D        | Killed a meat beast
   118 | D        | Noticed a dread
   118 | D        | Mangled by a bag of meat
   120 | D        | Killed a dread
   121 | D        | HP: 5/149 [accursed/divine providence (14)]
   121 | D        | Killed from afar by an observer
   132 | D        | Killed an accursed
   134 | D        | Noticed a fleshlord
   134 | D        | Annihilated by a fleshlord

Skill      XL: |  1  2  3  4  5  6  7  8  9 10 11 12 13 14 15 16 17 18 19 |
---------------+----------------------------------------------------------+-----
Fighting       | 18 20 21 22 24 27 | 27.0
Dodging        | 16 19 21 23 26 27 | 27.0
Unarmed Combat | 18 20 21 23 25 27 | 27.0
Stealth        | 19 27 | 27.0
Spellcasting   | 13 19 24 27 | 27.0
Invocations    | 14 21 26 27 | 27.0

Action                   |  1- 3 |  4- 6 |  7- 9 | 10-12 | 13-15 | 16-18 | 19-21 | 22-24 | 25-27 || total
-------------------------+-------+-------+-------+-------+-------+-------+-------+-------+-------++-------
Melee: Unarmed           |     1 |       |       |     2 |     4 |     8 |    15 |    19 |    44 ||    93
Invok: Greater Servant o |       |       |       |       |       |       |     1 |       |     4 ||     5
  Use: Potion            |       |       |       |       |       |       |       |       |     1 ||     1
Armor: Skin              |       |       |       |       |       |       |       |       |     2 ||     2
Dodge: Dodged            |       |       |       |       |     1 |     1 |     2 |     8 |    30 ||    42
